 Dungeon Crawl Stone Soup version 0.30-a0-1157-g2cc9ac7196 (webtiles) character file.

Game seed: 2919866508820263125

522 lunkers the Gusty (level 7, 0/50 HPs)
             Began as a Meteoran Air Elementalist on Apr 24, 2023.
             Was an Initiate of Sif Muna.
             Slain by Maggie
             ... wielding a +1 long sword of flaming
              (2 damage)
             ... on level 6 of the Dungeon.
             The game lasted 00:09:35 (1402 turns).

lunkers the Gusty (Meteoran Air Elementalist)       Turns: 1402, Time: 00:09:36

Health: 0/50       AC: 18    Str:  9    XL:     7   Next: 75%
Magic:  6/15       EV:  9    Int: 19    God:    Sif Muna [......]
Gold:   207        SH:  0    Dex: 18    Spells: 5/15 levels left

rFire   . . .        h - staff of conjuration
rCold   . . .        (no shield)
rNeg    . . .        p - +10 scale mail of Nogg {Fly Dex+3}
rPois   .            (no helmet)
rElec   .            (no cloak)
rCorr   .            (no gloves)
SInv    .            o - +1 pair of boots
Will    .....        j - amulet of the acrobat
Stlth   +            (no ring)
HPRegen 0.28/turn    (no ring)
MPRegen 0.14/turn

%: acrobat
@: flying, very slightly contaminated, glowing
A: sense surroundings 1, otherworldly, glowing, explore regen
a: Renounce Religion


You were on level 6 of the Dungeon.
You worshipped Sif Muna.
Sif Muna was noncommittal.
You visited 2 branches of the dungeon, and saw 6 of its levels.

You collected 207 gold pieces.

Inventory:

Hand Weapons
 e - a +0 dagger
 s - the +2 war axe of Foolhardiness {flame, rC- Str+4}
   (You found it on level 5 of the Dungeon)

   Str:       It affects your strength (+4).
   rC:        It makes you vulnerable to cold.
Armour
 o - a +1 pair of boots (worn)
 p - the +10 scale mail of Nogg (worn) {Fly Dex+3}
   (You took it off an orc on level 3 of the Dungeon)

   Dex:       It affects your dexterity (+3).
   Fly:       It grants you flight.
Magical Staves
 h - a staff of conjuration (weapon)
 m - a staff of earth
Jewellery
 j - an amulet of the acrobat (around neck)
Scrolls
 a - a scroll of identify {unknown}
 c - 2 scrolls of teleportation
 d - a scroll of blinking {unknown}
 n - 3 scrolls of enchant armour
 r - a scroll of vulnerability
Potions
 b - a potion of magic
 g - a potion of brilliance {unknown}
 i - 4 potions of curing {unknown}
 k - 2 potions of might {unknown}
 l - 2 potions of mutation {unknown}


   Skills:
 + Level 2.6 Armour
 - Level 2.4 Dodging
 - Level 1.4 Stealth
 + Level 4.8 Spellcasting
 * Level 4.2 Conjurations
 * Level 6.9 Air Magic


You had 5 spell levels left.
You knew the following spells:

 Your Spells              Type           Power      Damage    Failure   Level
a - Shock                 Conj/Air       100%       1d9       10%         1
b - Static Discharge      Conj/Air       76%        2-6/arc   14%         2
c - Swiftness             Air            31%        N/A       16%         3
d - Airstrike             Air            15%        2d(3-19)  47%         4

Your spell library contained the following spells:

 Spells                   Type           Power      Damage    Failure   Level


Dungeon Overview and Level Annotations

Branches:
Dungeon (6/15) Zot: 1651   Temple (1/1) D:5 Zot: 537

Altars:
Ashenzari
Cheibriados
Fedhas
Nemelex Xobeh
Ru
Sif Muna
Trog
Uskayaw
Xom
Yredelemnul
The Shining One

Annotations:
D:6 Maggie


Innate Abilities, Weirdness & Mutations

You passively map a small area around you.
You are easily found by Zot.
You glow in the dark.
You regain HP and MP as you explore.


Message History

Casting: Static Discharge (safe; 14% risk of failure)
Confirm with . or Enter, or press ? or * to list all spells.
You feel a surge of power!
You miscast Static Discharge.
You are very lightly contaminated with residual magic.
Nothing appears to happen.
Maggie hits you with a +1 long sword of flaming.
* * * LOW HITPOINT WARNING * * *
Maggie burns you.
* * * LOW HITPOINT WARNING * * *
Unknown command.
Unknown command.
Casting: Static Discharge (safe; 14% risk of failure)
Confirm with . or Enter, or press ? or * to list all spells.
You feel a surge of power!
Maggie is struck by an arc of lightning.
Maggie is heavily wounded.
You are struck by an arc of lightning.
* * * LOW HITPOINT WARNING * * *
Maggie is struck by an arc of lightning!
Maggie is heavily wounded.
You are struck by an arc of lightning.
* * * LOW HITPOINT WARNING * * *
The lightning grounds out.
Maggie barely misses you.
Unknown command.
Unknown command.
Unknown command.
Casting: Static Discharge (safe; 14% risk of failure)
Confirm with . or Enter, or press ? or * to list all spells.
You feel a surge of power!
Maggie is struck by an arc of lightning!
Maggie is severely wounded.
You are struck by an arc of lightning.
* * * LOW HITPOINT WARNING * * *
Maggie is struck by an arc of lightning.
Maggie is severely wounded.
The lightning grounds out.
Maggie hits you with a +1 long sword of flaming!
* * * LOW HITPOINT WARNING * * *
Maggie burns you.
You die...

, , , .. * * * .. **
, , ,..,, * * , ..#.
* * #.#.##### ,
,#.#.#... , ,
###+#.#@#.######.* *
#.....#.@........ #.
#.....###.###### #.
#.....###.# #.#
#.........#
##.######....########
...................>#
##.##.#####)#.....#.#
.#.##.##..))).....#.#
.#....##..))......#.#


You could see Maggie.

Vanquished Creatures
  An ice beast (D:5)
  Blork the orc (D:5)
  A howler monkey (D:5)
  2 jellies (D:5)
  A gnoll bouda (D:6)
  2 iguanas
  A sleepcap (D:5)
  6 gnolls
  4 adders
  An ufetubus (D:5)
  A worm (D:2)
  A dart slug (D:5)
  5 orcs (D:3)
  6 endoplasms
  2 giant cockroaches (D:1)
  5 goblins
  2 hobgoblins (D:2)
  5 kobolds
  4 quokkas
  5 ball pythons
  5 bats
  A frilled lizard (D:1)
  3 rats
65 creatures vanquished.

Vanquished Creatures (others)
  A plant (D:5)
1 creature vanquished.

Grand Total: 66 creatures vanquished

Notes
Turn   | Place    | Note
-------+----------+-------------------------------------------
     0 | D:1      | lunkers the Meteoran Air Elementalist began the quest for
                  | the Orb.
     0 | D:1      | Reached XP level 1. HP: 14/14 MP: 5/5
    43 | D:1      | Reached skill level 4 in Air Magic
    43 | D:1      | Reached XP level 2. HP: 13/20 MP: 0/6
   214 | D:1      | Reached XP level 3. HP: 26/26 MP: 3/8
   218 | D:1      | Learned a level 2 spell: Static Discharge
   222 | D:1      | Learned a level 3 spell: Swiftness
   389 | D:2      | Reached skill level 5 in Air Magic
   389 | D:2      | Reached XP level 4. HP: 33/33 MP: 2/10
   541 | D:2      | Found a blossoming altar of Fedhas.
   702 | D:3      | Identified the +10 scale mail of Nogg {Fly Dex+3}
   828 | D:3      | You are sucked into a shaft and drop 2 floors!
   828 | D:5      | Entered Level 5 of the Dungeon
   853 | D:5      | Reached XP level 5. HP: 38/38 MP: 8/11
   946 | D:5      | Noticed an ice beast
   957 | D:5      | Killed an ice beast
   958 | D:5      | Reached skill level 1 in Armour
   958 | D:5      | Reached skill level 6 in Air Magic
   958 | D:5      | Reached XP level 6. HP: 45/45 MP: 6/13
   987 | D:5      | Found a staircase to the Ecumenical Temple.
   996 | Temple   | Entered the Ecumenical Temple
   996 | Temple   | Found a transporter.
   996 | Temple   | Found a transporter.
   998 | Temple   | Found a transporter.
   998 | Temple   | Found a transporter.
  1036 | Temple   | Learned a level 4 spell: Airstrike
  1040 | Temple   | Became a worshipper of Sif Muna the Loreminder
  1133 | D:5      | Reached XP level 7. HP: 45/50 MP: 7/14
  1191 | D:5      | Noticed Blork the orc
  1192 | D:5      | Identified the +2 war axe of Foolhardiness {flame, rC-
                  | Str+4}
  1204 | D:5      | Killed Blork the orc
  1395 | D:6      | Noticed Maggie
  1402 | D:6      | HP: 2/50 [Maggie/+1 long sword of flaming (7)]
  1402 | D:6      | Slain by Maggie

Illustrated notes

Levels and vault maps discovered:
D:1:      minmay_arrival_semitransparent, layout_rooms
D:2:      layout_basic, basic_altar, grunt_decor_mini_mirrors,
          nicolae_kite_square_tiling_tiny, minmay_diced_spiral
D:3:      layout_basic, serial_curves, eino_curves_03, eino_curves_01
D:5:      layout_rooms, minmay_temple_entry_poolview, sigmund_edmund_badplayer,
          uniq_blork_the_orc
D:6:      layout_basic, amcnicky_altar_gilded, lemuel_coloured_pillars_altar,
          minmay_microvault, uniq_maggie
Temple:   hellmonk_temple_divided_pantheon

Skill      XL: |  1  2  3  4  5  6  7 |
---------------+----------------------+-----
Air Magic      | 4 5 6 |  6.9
Spellcasting   | 3 4 |  4.8
Conjurations   | 2 3 4 |  4.2
Armour         | 1 2 |  2.6
Dodging        | |  2.4
Stealth        | |  1.4

Action                     |  1- 3 |  4- 6 |  7- 9 || total
---------------------------+-------+-------+-------++-------
  Melee: Unarmed           |     9 |       |       ||     9
         Dagger            |    19 |       |       ||    19
         Staff             |       |    42 |     7 ||    49
         Punch             |       |     2 |       ||     2
   Cast: Shock             |    53 |    38 |     3 ||    94
         Static Discharge  |       |    14 |    18 ||    32
    Use: Scroll            |       |     1 |     4 ||     5
 Armour: Robe              |    17 |     8 |       ||    25
         Scale mail        |       |    37 |    18 ||    55
  Dodge: Dodged            |    22 |    32 |    25 ||    79

Table legend: (Time is in decaauts)
 A = Elapsed time spent in this place.
 B = Non-inter-level travel time spent in this place.
 C = Inter-level travel time spent in this place.
 D = Time resting spent in this place.
 E = Time spent auto-exploring this place.
 F = Levels seen in this place.
 G = Mean time per level.
                   A        B        C        D        E       F      G
               +--------+--------+--------+--------+--------+-----+--------+
         Total |   1410 |   1366 |     44 |      0 |    642 |   6 |  235.0 |
       Dungeon |   1347 |   1312 |     35 |      0 |    636 |   5 |  269.4 |
        Temple |     62 |     53 |      9 |      0 |      6 |   1 |   62.0 |
               +--------+--------+--------+--------+--------+-----+--------+

Top non-repeatable levels by time:
     D:5: 389 daAuts
     D:1: 344 daAuts
     D:2: 325 daAuts
     D:3: 162 daAuts
     D:6: 126 daAuts
  Temple: 62 daAuts
